 Dungeon Crawl Stone Soup version 0.19.5 (webtiles) character file.

70 McKennaii the Skirmisher (level 4, 0/37 HPs)
             Began as a Demonspawn Abyssal Knight on May 1, 2017.
             Was a Follower of Lugonu.
             Slain by a goblin
             ... wielding a +0 club
             ... led by Robin
              (4 damage)
             ... on level 2 of the Dungeon.
             The game lasted 00:02:18 (1349 turns).

McKennaii the Skirmisher (DsAK)                     Turns: 1349, Time: 00:02:19

Health: 0/37       AC:  3    Str: 12    XL:     4   Next: 4%
Magic:  6/6        EV: 11    Int: 14    God:    Lugonu [*.....]
Gold:   44         SH:  0    Dex: 13    Spells: 0 memorised, 3 levels left

rFire  . . .     SeeInvis .     a - +1 falchion
rCold  . . .     Gourm    .     b - +0 leather armour
rNeg   . . .     Faith    .     (no shield)
rPois  .         Spirit   .     (no helmet)
rElec  .         Reflect  .     (no cloak)
rCorr  .         Harm     .     (no gloves)
MR     .....                    (no boots)
Stlth  ++........               (no amulet)
                                (no ring)
                                (no ring)

@: no status effects
A: claws 1, nightstalker 1
a: Depart the Abyss, Renounce Religion


You were on level 2 of the Dungeon.
You worshipped Lugonu.
Lugonu was aware of your devotion.
You were hungry.

You visited 1 branch of the dungeon, and saw 2 of its levels.
You visited the Abyss 1 time.

You collected 44 gold pieces.

Inventory:

Hand Weapons
 a - a +1 falchion (weapon)
Armour
 b - a +0 leather armour (worn)
Jewellery
 k - an uncursed ring of wizardry {unknown}
Scrolls
 d - a scroll of remove curse {unknown}
 g - 2 scrolls of identify {unknown}
 i - 2 scrolls of teleportation {unknown}
 m - a scroll of amnesia {unknown}
 o - a scroll of enchant armour {unknown}
Potions
 e - a potion of degeneration {unknown}
 f - a potion of heal wounds {unknown}
 h - a potion of haste {unknown}
 j - a potion of curing {unknown}
 l - a potion of lignification {unknown}
Comestibles
 c - a bread ration
 n - a beef jerky


   Skills:
 + Level 4.0 Fighting
 + Level 2.4 Long Blades
 + Level 2.2 Armour
 + Level 0.8 Dodging
 + Level 2.9 Invocations


You had 3 spell levels left.
You didn't know any spells.

Dungeon Overview and Level Annotations

Branches:
Dungeon (2/15)

Altars:
Dithmenos
Hepliaklqana
Vehumet
Xom
The Shining One

Annotations:
D:2 Robin


Innate Abilities, Weirdness & Mutations

You have sharp fingernails.
You are slightly more attuned to the shadows.


Message History

The goblin completely misses you. The goblin hits you.
You completely miss the goblin. The goblin barely misses you.
You riposte.
You hit the goblin.
The goblin is severely wounded.
The goblin misses you.
All of the chunks of flesh in your inventory have rotted away.
You barely miss the goblin. The goblin hits you with a club.
The goblin misses you. The goblin hits you with a club.
* * * LOW HITPOINT WARNING * * *
You are feeling hungry.
You miss the goblin.
The hobgoblin no longer looks unusually strong.
The goblin hits you but does no damage. The goblin hits you with a club.
* * * LOW HITPOINT WARNING * * *
The goblin hits you.
* * * LOW HITPOINT WARNING * * *
You barely miss the goblin.
The goblin no longer looks unusually strong.
The goblin closely misses you. The goblin hits you with a club.
You die...

#.## #... #.# #..# +
#... #... .. #... ##.#
... ### ... #.# ....
##.###.# #.#
...gg####<..##.#######..
..ggggg@g........)......
...Sg####...##.#######..
...g ##...###.# #.# ...
#.###.##.# #.. .. #.#
#....# #.# + #.###.####
#.# ##...## #.# ##.##
##. #.# ##


You could see Robin, 3 hobgoblins, 5 goblins and a ball python.

Vanquished Creatures
  A quasit (Abyss:2)
  A dart slug (D:1)
  A leopard gecko (D:1)
  3 bats (D:1)
  2 giant cockroaches (D:1)
  7 goblins
  4 hobgoblins (D:1)
  2 frilled lizards (D:1)
  6 kobolds
  7 rats
34 creatures vanquished.

Notes
Turn   | Place    | Note
-------+----------+-------------------------------------------
     0 | Abyss:1  | McKennaii the Demonspawn Abyssal Knight began the quest for the Orb.
     0 | Abyss:1  | Reached XP level 1. HP: 18/18 MP: 2/2
   150 | Abyss:2  | Noticed a quasit
   156 | Abyss:2  | Killed a quasit
   156 | Abyss:2  | Gained mutation: You are slightly more attuned to the shadows. [demonic ancestry]
   156 | Abyss:2  | Reached XP level 2. HP: 21/25 MP: 3/3
   156 | Abyss:2  | Reached XP level 3. HP: 25/30 MP: 4/4
   199 | D:1      | Escaped the Abyss
   311 | D:1      | Reached * piety under Lugonu
   602 | D:1      | Found a shimmering altar of Xom.
   603 | D:1      | Found a shadowy altar of Dithmenos.
   603 | D:1      | Found a hazy altar of Hepliaklqana.
   606 | D:1      | Found a glowing golden altar of the Shining One.
   606 | D:1      | Found a hazy altar of Hepliaklqana.
   606 | D:1      | Found a radiant altar of Vehumet.
   815 | D:1      | Reached skill level 4 in Fighting
  1310 | D:2      | Gained mutation: You have sharp fingernails. [demonic ancestry]
  1310 | D:2      | Reached XP level 4. HP: 37/37 MP: 6/6
  1331 | D:2      | Noticed Robin
  1349 | D:2      | Slain by a goblin

Skill      XL: |  1  2  3 |
---------------+----------+-----
Long Blades    | 2 |  2.4
Armour         | 2 |  2.2
Fighting       | 4 |  4.0
Dodging        | |  0.8
Invocations    | |  2.9

Action                   |  1- 3 |  4- 6 || total
-------------------------+-------+-------++-------
Melee: Falchion          |    73 |    17 ||    90
Invok: Depart the Abyss  |     1 |       ||     1
 Stab: Sleeping          |     7 |       ||     7
  Eat: Chunk             |     1 |       ||     1
Armor: Leather armour    |    28 |     4 ||    32
Dodge: Dodged            |    37 |    17 ||    54
       Rpst.: Falchion   |    11 |     2 ||    13
